AoeStats
← Zaissi

Coastal Forest

510347920Analyzed
4v4 RM · 21h ago on Sep 30, 2026· 30m 2s· 8 players
Game mode
Random Map
Map size
Large (8 player)
Population
200
Speed
Normal
Resources
Standard
Victory
Conquest
Starting age
Dark Age
Ending age
Imperial Age
RankedLock teamsTeams togetherTeam positionsShared explorationLock speedFull tech treeHidden civsTurbo modeCheats
Victory
Defeat
🇯🇵 Slavs · Japan
1558
+12
🇦🇷 Poles · Argentina
1465
+16
🇨🇳 Franks · China
1413
+18
🇺🇾 Vikings · Uruguay
1390
+19
🇫🇮 Ethiopians · Finland
1505
-18
🇧🇷 Britons · Brazil
1458
-16
🇭🇺 Dravidians · Hungary
1453
-16
🇨🇴 Hindustanis · Colombia
1425
-15
PZ|NagyGeri1
7:31 Loom
10:16 Feudal Age
10:56 Double-Bit Axe
12:25 Fletching
15:28 Padded Archer Armor
16:43 Town Watch
19:11 Wheelbarrow
23:04 Castle Age
21:04 Horse Collar
23:07 Elite Skirmisher
24:31 Bodkin Arrow
27:51 Leather Archer Armor
Newlife
8:47 Loom
10:59 Feudal Age
11:26 Fishing Lines
12:54 Wheelbarrow
13:38 Double-Bit Axe
18:43 Castle Age
17:02 Gold Mining
18:22 Horse Collar
19:11 Town Watch
20:10 Bow Saw
20:07 Gillnets
21:02 Medium Warships
23:10 Heavy Plow
28:26 Stone Mining
30:01 Hand Cart
30:53 Gold Shaft Mining
Zaissi
7:58 Loom
9:43 Feudal Age
14:10 Fletching
19:51 Gold Mining
19:46 Double-Bit Axe
22:39 Castle Age
22:36 Gold Mining
22:32 Double-Bit Axe
23:15 Bodkin Arrow
22:41 Crossbowman
ivandario67
10:41 Feudal Age
11:16 Double-Bit Axe
11:12 Horse Collar
16:28 Loom
19:38 Scale Barding Armor
22:18 Forging
24:38 Bloodlines
28:04 Castle Age
28:04 Bloodlines
Ren
9:49 Loom
12:00 Feudal Age
15:45 Castle Age
13:51 Double-Bit Axe
15:00 Forging
16:39 Bow Saw
16:42 Medium Warships
18:52 Gold Mining
20:30 Wheelbarrow
24:46 Careening
25:30 Gold Shaft Mining
25:33 Stone Mining
26:36 Hand Cart
30:35 Imperial Age
28:12 Fishing Lines
28:46 Scale Barding Armor
28:50 Husbandry
28:42 Town Watch
30:11 Ballistics
30:42 Chain Barding Armor
30:58 Iron Casting
PNAL | Diego Rodriguez
6:31 Loom
9:20 Feudal Age
10:00 Double-Bit Axe
14:00 Horse Collar
17:51 Fletching
18:43 Padded Archer Armor
22:36 Castle Age
20:49 Gold Mining
23:23 Bodkin Arrow
23:00 Crossbowman
25:26 Town Watch
26:46 Leather Archer Armor
28:50 Ballistics
Chicken Castle
6:07 Loom
9:01 Feudal Age
9:59 Double-Bit Axe
17:31 Scale Barding Armor
21:31 Forging
23:44 Castle Age
24:06 Bloodlines
24:53 Chain Barding Armor
24:15 Light Cavalry
25:42 Bow Saw
25:13 Horse Collar
26:13 Wheelbarrow
28:04 Iron Casting
28:36 Husbandry
29:43 Hand Cart
elchinaleikazo
3:49 Loom
7:37 Loom
10:36 Feudal Age
11:07 Horse Collar
18:12 Town Watch
20:30 Scale Barding Armor
22:09 Wheelbarrow
27:05 Castle Age
26:12 Bloodlines
27:28 Double-Bit Axe
29:42 Scale Mail Armor
29:52 Forging
29:44 Squires
30:03 Hand Cart
29:50 Heavy Plow
30:01 Bow Saw
Connection lost

Rejoining the realm…

Still unreachable

The connection could not be restored.

Session expired

The server has moved on; the page needs a fresh start.